 Dungeon Crawl Stone Soup version 0.28.0-43-g3370ac3207 (webtiles) character file.

Game seed: 10883138664450334867

397 Woods the Insei (level 6, -7/47 HPs)
             Began as a Gnoll Transmuter on Mar 26, 2022.
             Was an Initiate of Cheibriados.
             Mangled by Duvessa
             ... wielding a +0 short sword
              (12 damage)
             ... on level 4 of the Dungeon.
             The game lasted 00:05:10 (4342 turns).

Woods the Insei (Gnoll Transmuter)                  Turns: 4342, Time: 00:05:11

Health: -7/47      AC:  2    Str: 11    XL:     6   Next: 83%
Magic:  11/14      EV: 22    Int: 15    God:    Cheibriados [......]
Gold:   168        SH:  0    Dex: 18    Spells: 9/15 levels left

rFire   . . .      SeeInvis .     - Unarmed
rCold   . . .      Faith    .   (shield currently unavailable)
rNeg    . . .      Spirit   .   (armour currently unavailable)
rPois   x          Reflect  .   (helmet currently unavailable)
rElec   .          Harm     .   (cloak currently unavailable)
rCorr   .          Rampage  .   (gloves currently unavailable)
Will    .....                   (boots currently unavailable)
Stlth   ++........              (no amulet)
HPRegen 0.15/turn               (no ring)
MPRegen 0.14/turn               (no ring)

@: spider-form, very slow
A: venomous fangs, tiny, (fangs 1), strong nose, distributed training
a: End Transformation, Renounce Religion


You were on level 4 of the Dungeon.
You worshipped Cheibriados.
Cheibriados was noncommittal.
You were a venomous arachnid creature.
You visited 2 branches of the dungeon, and saw 5 of its levels.

You collected 168 gold pieces.

Inventory:

Armour
 a - a +0 robe (melded)
 d - a +2 helmet (melded)
Jewellery
 e - a ring of magical power
Wands
 l - a wand of iceblast (7)
Scrolls
 b - a scroll of teleportation {unknown}
 c - 3 scrolls of vulnerability {unknown}
 f - 2 scrolls of identify {unknown}
 k - 2 scrolls of magic mapping {unknown}
 m - a scroll of noise {unknown}
 o - a scroll of torment {unknown}
Potions
 g - a potion of ambrosia {unknown}
 h - a potion of brilliance {unknown}
 i - a potion of heal wounds {unknown}
 j - a potion of mutation {unknown}
 n - a potion of flight {unknown}


   Skills:
 + Level 3.3 Fighting
 + Level 2.1 Short Blades
 + Level 2.1 Long Blades
 + Level 2.1 Axes
 + Level 2.1 Maces & Flails
 + Level 2.1 Polearms
 + Level 2.1 Staves
 + Level 2.1 Slings
 + Level 2.1 Bows
 + Level 2.1 Crossbows
 + Level 2.1 Throwing
 + Level 2.1 Armour
 + Level 5.0 Dodging
 + Level 2.1 Stealth
 + Level 2.1 Shields
 + Level 6.9 Unarmed Combat
 + Level 5.4 Spellcasting
 + Level 1.7 Conjurations
 + Level 1.7 Hexes
 + Level 1.7 Summonings
 + Level 1.7 Necromancy
 + Level 1.7 Translocations
 + Level 4.2 Transmutations
 + Level 1.7 Fire Magic
 + Level 1.7 Ice Magic
 + Level 1.7 Air Magic
 + Level 1.7 Earth Magic
 + Level 1.7 Poison Magic
 + Level 2.3 Invocations
 + Level 2.1 Evocations


You had 9 spell levels left.
You knew the following spells:

 Your Spells              Type           Power      Damage    Failure   Level
a - Beastly Appendage     Tmut           32%        N/A       10%         1
b - Wereblood             Tmut           16%        N/A       13%         2
c - Spider Form           Tmut/Pois      12%        N/A       32%         3

Your spell library contained the following spells:

 Spells                   Type           Power      Damage    Failure   Level
 Foxfire                  Conj/Fire      36%        2x1d5     21%         1
 Conjure Flame            Conj/Fire      9%         6-21      43%         3
 Gell's Gravitas          Tloc           9%         N/A       43%         3
 Inner Flame              Hex/Fire       9%         N/A       43%         3
 Lesser Beckoning         Tloc           9%         N/A       43%         3
 Teleport Other           Tloc           9%         N/A       43%         3
 Ice Form                 Ice/Tmut       12%        N/A       65%         4
 Flame Wave               Conj/Fire      9%         2d5       78%         4


Dungeon Overview and Level Annotations

Branches:
Dungeon (4/15)             Temple (1/1) D:4

Altars:
Cheibriados
Fedhas
Gozag
Kikubaaqudgha
Nemelex Xobeh
Qazlal
Ru
Sif Muna
Vehumet
Xom

Shops:
D:2 [

Annotations:
D:4 Duvessa


Innate Abilities, Weirdness & Mutations

You are a venomous arachnid creature.
You have poisonous fangs.
You are tiny and dextrous.
Your spellcasting is less reliable in this form.
Your armour is entirely melded.
You are incapable of wielding weapons or throwing items.
((You have very sharp teeth.))
Your uncanny sense of smell can sniff out nearby items.
Your experience applies equally to all skills.


Message History

You hit Dowan.
You kill Dowan!
Cheibriados appreciates the change of pace.
You hear a distant scream of rage.
Things that are here:
a +0 dagger; a +2 robe of willpower; the elf corpse of Dowan Duvessa, Sister of Dowan comes into view.
She is wielding a +0 short sword.
Duvessa goes berserk!
You hit Duvessa but do no damage.
Duvessa is poisoned.
Duvessa hits you with a +0 short sword!
You barely miss Duvessa. Duvessa closely misses you.
Duvessa completely misses you.
You bite Duvessa!
Duvessa is lightly wounded.
Duvessa hits you with a +0 short sword!
You hit Duvessa.
Duvessa looks as sick as possible!
Duvessa is moderately wounded.
Your transformation is almost over.
Duvessa hits you with a +0 short sword. Duvessa closely misses you.
Duvessa completely misses you. Duvessa completely misses you.
Duvessa rages.
Duvessa barely misses you.
Things that are here:
a +0 dagger; a +2 robe of willpower; the elf corpse of Dowan Duvessa hits you with a +0 short sword!
* * * LOW HITPOINT WARNING * * *
Duvessa completely misses you.
Your transformation has ended.
Your +2 helmet unmelds from your body.
Your +0 robe unmelds from your body.
Duvessa hits you with a +0 short sword.
* * * LOW HITPOINT WARNING * * *
Things that are here:
13 bolts; a +0 dagger
Casting: Spider Form (dangerous; 14% risk of failure)
Confirm with . or Enter, or press ? or * to list all spells.
You turn into a venomous arachnid creature.
Your +2 helmet melds into your body.
Your +0 robe melds into your body.
Duvessa closely misses you. Duvessa hits you with a +0 short sword!
You die...

......#≈≈≈≈..# ..#
.......≈≈≈P..P ..
......#≈≈P.##. ##.#
#..†.###≈....# #..#
......# ...### ##.#
......######## #..#
.............# ##.##
..(##.....<..#######..#
...#..#.........se.).##
......#........#######
...............#
.............###
÷##.÷........#
.........#...#
......######## >.....#
........#


You could see Duvessa (berserk, very poisoned).

Vanquished Creatures
  A sky beast (D:4)
  A scorpion (D:4)
  Dowan (D:4)
  A hound skeleton (D:4)
  Robin (D:2)
  6 adders
  5 worms
  3 dart slugs (D:1)
  2 orcs (D:3)
  9 endoplasms
  4 giant cockroaches
  15 goblins
  10 hobgoblins
  9 jackals
  3 kobolds
  3 quokkas
  12 ball pythons
  A bat (D:3)
  7 frilled lizards
  7 rats
101 creatures vanquished.

Vanquished Creatures (others)
  3 plants (D:4)
3 creatures vanquished.

Grand Total: 104 creatures vanquished

Notes
Turn   | Place    | Note
-------+----------+-------------------------------------------
     0 | D:1      | Woods the Gnoll Transmuter began the quest for the Orb.
     0 | D:1      | Reached XP level 1. HP: 17/17 MP: 6/6
   266 | D:1      | Reached XP level 2. HP: 22/23 MP: 7/7
   480 | D:1      | Reached XP level 3. HP: 15/28 MP: 9/9
   485 | D:1      | Reached skill level 5 in Spellcasting
   888 | D:1      | Reached skill level 1 in Invocations
  1483 | D:2      | Noticed Robin
  1595 | D:1      | Learned a level 2 spell: Wereblood
  1599 | D:1      | Learned a level 3 spell: Spider Form
  1687 | D:2      | Reached skill level 1 in Short Blades
  1687 | D:2      | Reached skill level 1 in Long Blades
  1687 | D:2      | Reached skill level 1 in Axes
  1687 | D:2      | Reached skill level 1 in Maces & Flails
  1687 | D:2      | Reached skill level 1 in Polearms
  1687 | D:2      | Reached skill level 1 in Staves
  1687 | D:2      | Reached skill level 1 in Slings
  1687 | D:2      | Reached skill level 1 in Bows
  1687 | D:2      | Reached skill level 1 in Crossbows
  1687 | D:2      | Reached skill level 1 in Throwing
  1687 | D:2      | Reached skill level 1 in Armour
  1687 | D:2      | Reached skill level 1 in Stealth
  1687 | D:2      | Reached skill level 1 in Shields
  1687 | D:2      | Reached skill level 1 in Evocations
  1699 | D:2      | Reached XP level 4. HP: 16/34 MP: 4/11
  1699 | D:2      | Killed Robin
  1846 | D:2      | Reached skill level 1 in Conjurations
  1846 | D:2      | Reached skill level 1 in Hexes
  1846 | D:2      | Reached skill level 1 in Summonings
  1846 | D:2      | Reached skill level 1 in Necromancy
  1846 | D:2      | Reached skill level 1 in Translocations
  1846 | D:2      | Reached skill level 1 in Fire Magic
  1846 | D:2      | Reached skill level 1 in Ice Magic
  1846 | D:2      | Reached skill level 1 in Air Magic
  1846 | D:2      | Reached skill level 1 in Earth Magic
  1846 | D:2      | Reached skill level 1 in Poison Magic
  2300 | D:2      | Found Giebb's Antique Armour Shoppe.
  2315 | D:2      | Reached XP level 5. HP: 36/40 MP: 10/12
  2605 | D:2      | Found a faded altar of an unknown god.
  3295 | D:3      | Identified the -4 pair of boots "Honkuleb" {Dex+5}
  3329 | D:3      | Found a blossoming altar of Fedhas.
  3329 | D:3      | Found a sacrificial altar of Ru.
  3895 | D:4      | Found a staircase to the Ecumenical Temple.
  3917 | Temple   | Entered the Ecumenical Temple
  3967 | Temple   | Became a worshipper of Cheibriados the Contemplative
  4060 | D:4      | Noticed a sky beast
  4072 | D:4      | Killed a sky beast
  4073 | D:4      | Reached skill level 5 in Dodging
  4073 | D:4      | Reached XP level 6. HP: 30/47 MP: 11/14
  4318 | D:4      | Noticed Dowan
  4325 | D:4      | Killed Dowan
  4329 | D:4      | Noticed Duvessa
  4342 | D:4      | Mangled by Duvessa

Illustrated notes

Levels and vault maps discovered:
D:1:      saegor_arrival_fortress, layout_basic, st_stairs_7
D:2:      layout_basic, serial_shops, nicolae_shop_stone,
          shapermc_ecumenical_altar_petra, uniq_robin
D:3:      layout_basic, jmf_multi_god_temple, grunt_ministairs_9,
          amcnicky_mini_rare_corridor_liquid, palyth_stone_intersect
D:4:      wad_lake_hut, layout_cave_pools, minmay_temple_entry_antechambers,
          gammafunk_ghost_grave, uniq_duvessa, uniq_sigmund
Temple:   minmay_crystal_spiral_temple

Skill      XL: |  1  2  3  4  5  6 |
---------------+-------------------+-----
Spellcasting   | 5 |  5.4
Invocations    | 1 2 |  2.3
Short Blades   | 1 2 |  2.1
Long Blades    | 1 2 |  2.1
Axes           | 1 2 |  2.1
Maces & Flails | 1 2 |  2.1
Polearms       | 1 2 |  2.1
Staves         | 1 2 |  2.1
Slings         | 1 2 |  2.1
Bows           | 1 2 |  2.1
Crossbows      | 1 2 |  2.1
Throwing       | 1 2 |  2.1
Armour         | 1 2 |  2.1
Stealth        | 1 2 |  2.1
Shields        | 1 2 |  2.1
Evocations     | 1 2 |  2.1
Conjurations   | 1 |  1.7
Hexes          | 1 |  1.7
Summonings     | 1 |  1.7
Necromancy     | 1 |  1.7
Translocations | 1 |  1.7
Fire Magic     | 1 |  1.7
Ice Magic      | 1 |  1.7
Air Magic      | 1 |  1.7
Earth Magic    | 1 |  1.7
Poison Magic   | 1 |  1.7
Fighting       | 3 |  3.3
Transmutations | 4 |  4.2
Dodging        | 5 |  5.0
Unarmed Combat | |  6.9

Action                   |  1- 3 |  4- 6 || total
-------------------------+-------+-------++-------
Melee: Unarmed           |   108 |   126 ||   234
       Kick              |    16 |    17 ||    33
       Headbutt          |     6 |    19 ||    25
       Bite              |    11 |    10 ||    21
       Punch             |     5 |     3 ||     8
 Cast: Beastly Appendage |    18 |    25 ||    43
       Spider Form       |     1 |     4 ||     5
       Wereblood         |     1 |       ||     1
 Stab: Sleeping          |     1 |     2 ||     3
Armor: Robe              |    15 |    14 ||    29
       Skin              |       |     1 ||     1
Dodge: Dodged            |    79 |    67 ||   146
